Map: Acropolis LE

Players

Dark - Winner!

  • Race: Zerg Zerg
  • Spawn Location: 5:00

Classic

  • Race: Protoss Protoss
  • Spawn Location: 11:00

Event: 2019 WCS Global FInals

VOD

Have the link to the VOD?

Description

Time

  • Played on: Nov. 1, 2019, 10:27 p.m.
  • Length: 15:35

All games in this series

Show
View Real Time Build Order
Export as new Build Order

Dark Zerg - Winner!

Build Orders: Hatch First 

Get SALT Encoding   

  12  0:00  Drone  
  13  0:12  Overlord  
  13  0:17  Drone  
  14  0:31  Drone x2  
  16  0:49  Hatchery  
  15  0:50  Drone  
  15  0:54  Drone  
  17  0:57  Drone  
  18  1:08  Extractor  
  17  1:13  Spawning Pool  
  17  1:15  Drone  
  18  1:18  Drone  
  18  1:35  Drone  
  19  1:43  Drone  
  20  1:54  Hatchery  
  19  1:55  Drone  
  20  2:02  Zergling x2  
  20  2:04  Zergling x2  
  22  2:15  Zergling x2  
  23  2:18  Zergling x2  
  24  2:28  Zergling x2  
  22  2:47  Drone x3  
  23  2:51  Drone  
  23  2:56  Drone  
  25  3:00  Overlord  
  25  3:08  Queen  
  25  3:10  Drone  
  28  3:14  Drone  
  28  3:16  Drone  
  28  3:18  Drone  
  31  3:20  Drone  
  31  3:24  Drone  
  31  3:25  Drone  
  34  3:32  Queen  
  36  3:37  Queen  
  38  3:41  Overlord  
  38  3:43  Drone  
  38  3:46  Drone  
  38  3:47  Drone  
  41  3:49  Drone  
  41  3:52  Overlord  
  42  4:01  Drone x5  
  47  4:04  Overlord  
  47  4:12  Drone  
  47  4:13  Drone, Queen  
  51  4:18  Overlord  
  51  4:21  Drone x2  
  53  4:29  Spore Crawler  
  53  4:30  Spore Crawler  
  53  4:31  Drone  
  52  4:32  Spore Crawler  
  52  4:33  Drone x2  
  52  4:36  Extractor  
  52  4:37  Drone  
  53  4:42  Drone x4  
  53  4:43  Metabolic Boost  
  53  4:45  Drone  
  58  4:47  Drone  
  58  4:48  Evolution Chamber, Drone x2  
  60  4:53  Queen  
  60  4:57  Drone x2  
  60  4:58  Drone  
  65  5:02  Overlord  
  65  5:07  Overlord  
  65  5:13  Overlord  
  65  5:14  Zerg Melee Weapons Level 1  
  65  5:16  Overlord  
  65  5:18  Zergling x2  
  65  5:21  Zergling x14  
  73  5:23  Zergling x2  
  73  5:27  Zergling x4  
  74  5:37  Drone x3  
  74  5:40  Drone x2  
  78  5:43  Baneling Nest  
  78  5:45  Drone  
  78  5:49  Drone  
  79  5:51  Drone  
  79  5:53  Queen x2  
  79  5:55  Hatchery  
  79  5:57  Lair  
  83  6:02  Roach Warren  
  83  6:03  Drone x5  
  87  6:11  Drone x3  
  90  6:19  Drone x2  
  90  6:20  Drone  
  90  6:21  Extractor  
  90  6:22  Extractor  
  91  6:26  Hatchery  
  91  6:29  Queen x2  
  93  6:36  Drone  
  93  6:37  Drone, Extractor  
  93  6:38  Zergling x2  
  93  6:39  Zergling x8  
  98  6:42  Overlord  
  98  6:45  Spore Crawler  
  98  6:46  Spore Crawler, Drone x2  
  98  6:47  Spore Crawler, Drone  
  97  6:52  Spore Crawler  
  97  6:53  Spore Crawler x2  
  95  6:55  Spore Crawler  
  94  7:01  Nydus Network  
  94  7:02  Queen  
  94  7:06  Glial Reconstitution  
  95  7:09  Spore Crawler  
  95  7:11  Baneling x5  
  95  7:12  Overlord  
  95  7:13  Overlord x2  
  94  7:25  Overlord  
  91  7:38  Roach  
  91  7:39  Roach x12  
  116  7:46  Nydus Canal  
  116  7:47  Roach x4  
  116  7:48  Roach  
  126  7:51  Baneling  
  126  7:52  Baneling x7  
  126  7:56  Overlord  
  125  7:59  Overlord  
  123  8:05  Nydus Canal  
  123  8:15  Overlord, Queen x2  
  117  8:20  Queen  
  117  8:21  Overlord  
  113  8:33  Queen  
  109  8:34  Spore Crawler x2  
  109  8:37  Spore Crawler  
  98  8:42  Spore Crawler  
  98  8:43  Zergling x14  
  92  8:50  Queen  
  92  8:51  Overseer, Queen  
  92  8:54  Infestation Pit  
  83  8:55  Queen  
  83  8:59  Roach x7  
  91  9:10  Roach x2  
  91  9:13  Drone x4  
  91  9:14  Drone x3  
  91  9:15  Ravager  
  100  9:20  Queen  
  100  9:30  Queen  
  99  9:36  Pathogen Glands  
  99  9:37  Drone x2  
  100  9:43  Queen  
  101  9:46  Drone x2  
  101  9:47  Drone x4  
  101  9:48  Queen  
  107  9:55  Zerg Missile Weapons Level 1  
  107  9:57  Drone x2  
  109  10:09  Infestor x6  
  115  10:15  Overlord x3  
  115  10:16  Overlord  
  109  10:24  Spore Crawler  
  109  10:26  Hive  
  108  10:33  Drone x2  
  108  10:34  Overlord  
  110  10:37  Drone x6  
  110  10:38  Drone, Extractor x2  
  110  10:39  Drone  
  110  10:42  Drone x2  
  118  10:47  Drone  
  118  10:48  Spore Crawler, Drone x2  
  120  10:50  Roach  
  120  10:51  Roach  
  120  10:52  Roach  
  120  10:55  Roach  
  126  10:58  Roach x2  
  126  10:59  Roach  
  126  11:02  Roach  
  126  11:03  Nydus Canal  
  128  11:04  Roach  
  128  11:08  Roach x2  
  134  11:14  Roach x2  
  134  11:15  Hydralisk Den, Roach  
  134  11:16  Roach  
  141  11:19  Roach  
  135  11:32  Queen  
  123  11:40  Overlord  
  123  11:41  Overlord  
  123  11:46  Overlord  
  121  11:47  Hydralisk  
  121  11:48  Hydralisk x5  
  121  11:49  Grooved Spines  
  121  11:50  Overlord  
  121  11:51  Overlord  
  121  11:52  Overlord  
  133  12:01  Queen  
  133  12:02  Queen  
  133  12:03  Roach x5  
  133  12:05  Queen  
  137  12:09  Queen  
  137  12:13  Hydralisk  
  137  12:14  Hydralisk  
  131  12:21  Hydralisk x5  
  141  12:27  Hydralisk  
  134  12:30  Hydralisk x3  
  134  12:34  Hydralisk x2  
  134  12:36  Hydralisk  
  140  12:38  Hydralisk  
  136  12:44  Hydralisk x2  
  136  12:45  Hydralisk  
  130  13:08  Viper x3  
  130  13:12  Zergling x2  
  136  13:13  Hatchery  
  127  13:23  Viper  
  127  13:25  Drone x5  
  131  13:28  Roach x2  
  131  13:32  Zergling x2  
  131  13:34  Overlord  
  135  13:47  Hydralisk x5  
  133  13:51  Hydralisk x2  
  133  13:55  Hydralisk  
  133  13:57  Nydus Canal  
  133  13:59  Overlord  
  133  14:02  Overlord x2  
  135  14:04  Overlord  
  135  14:06  Overlord  
  135  14:10  Overlord  
  135  14:12  Zergling x2  
  135  14:16  Overlord  
  136  14:19  Zergling x6  
  136  14:23  Hydralisk  
  140  14:25  Zergling x2  
  140  14:26  Zergling x2  
  140  14:28  Zergling x2  
  143  14:31  Hydralisk  
  143  14:34  Hydralisk  
  143  14:35  Zergling x2  
  143  14:36  Zergling x2  
  147  14:51  Hydralisk x6  
  147  14:52  Zergling x4  
  161  14:58  Baneling  
  161  14:59  Baneling x11  
  161  15:03  Baneling  
  161  15:06  Zergling x4  
  161  15:07  Zergling x6  
  166  15:12  Overlord  
Show
View Real Time Build Order
Export as new Build Order

Classic Protoss 

Build Orders: Cannon Rush, Phoenix Opening 

Get SALT Encoding   

  12  0:00  Probe  
  13  0:12  Probe  
  14  0:18  Pylon  
  14  0:24  Probe (Chrono Boost)  
  15  0:36  Probe (Chrono Boost)  
  15  0:41  Gateway  
  16  0:45  Probe (Chrono Boost)  
  16  0:46  Assimilator  
  17  0:51  Probe  
  18  1:01  Forge  
  18  1:03  Probe  
  19  1:14  Pylon  
  19  1:15  Probe  
  20  1:28  Probe  
  21  1:36  Cybernetics Core  
  21  1:56  Photon Cannon  
  21  1:57  Photon Cannon  
  21  1:59  Photon Cannon  
  21  2:07  Photon Cannon  
  21  2:08  Photon Cannon  
  21  2:12  Pylon  
  21  2:13  Pylon  
  21  2:18  Pylon  
  20  2:38  Nexus  
  20  2:45  Adept  
  20  2:47  Probe  
  23  2:53  Assimilator  
  23  2:59  Probe  
  23  3:02  Pylon  
  24  3:10  Stargate  
  24  3:17  Warp Gate  
  25  3:20  Probe (Chrono Boost)  
  25  3:22  Adept  
  27  3:32  Probe (Chrono Boost)  
  28  3:38  Probe (Chrono Boost)  
  29  3:46  Probe (Chrono Boost)  
  30  3:50  Probe (Chrono Boost)  
  30  3:53  Phoenix (Chrono Boost)  
  33  3:58  Probe (Chrono Boost)  
  33  3:59  Probe (Chrono Boost)  
  33  4:02  Pylon, Probe (Chrono Boost)  
  35  4:04  Probe (Chrono Boost)  
  35  4:09  Oracle  
  37  4:16  Probe (Chrono Boost)  
  42  4:17  Probe (Chrono Boost)  
  42  4:25  Probe (Chrono Boost)  
  42  4:27  Probe (Chrono Boost)  
  42  4:29  Assimilator  
  42  4:31  Assimilator, Probe  
  44  4:37  Stargate, Probe  
  46  4:43  Probe  
  46  4:44  Pylon  
  47  4:46  Phoenix  
  47  4:50  Probe  
  50  4:56  Probe  
  51  5:02  Gateway, Probe  
  52  5:12  Phoenix, Protoss Air Weapons Level 1 (Chrono Boost)  
  54  5:15  Adept  
  54  5:18  Probe x2  
  58  5:23  Pylon  
  58  5:24  Phoenix (Chrono Boost)  
  60  5:32  Probe x2  
  62  5:40  Phoenix (Chrono Boost)  
  60  5:47  Phoenix (Chrono Boost)  
  62  5:53  Pylon  
  62  5:55  Zealot  
  64  5:57  Zealot  
  64  5:59  Phoenix (Chrono Boost)  
  68  6:04  Phoenix (Chrono Boost)  
  70  6:24  Phoenix x2 (Chrono Boost)  
  74  6:27  Nexus  
  74  6:31  Pylon  
  74  6:44  Pylon, Phoenix  
  74  6:45  Phoenix  
  78  6:50  Zealot x2  
  78  6:53  Shield Battery, Probe x2  
  84  6:54  Pylon  
  84  7:05  Shield Battery  
  84  7:08  Shield Battery  
  84  7:12  Zealot  
  84  7:13  Adept  
  88  7:20  Phoenix x2, Probe x2  
  92  7:23  Stargate  
  92  7:31  Assimilator  
  92  7:33  Assimilator  
  92  7:35  Pylon  
  88  7:38  Pylon, Shield Battery  
  88  7:45  Zealot x2  
  88  7:49  Pylon  
  88  7:50  Probe x2  
  88  7:51  Probe  
  95  8:01  Void Ray (Chrono Boost)  
  95  8:03  Void Ray (Chrono Boost)  
  103  8:13  Void Ray (Chrono Boost)  
  103  8:19  Stalker  
  94  8:20  Stalker  
  87  8:35  Void Ray  
  89  8:44  Zealot x2  
  93  8:48  Void Ray  
  93  9:04  Stalker  
  93  9:05  Stalker  
  95  9:18  Pylon  
  95  9:20  Pylon  
  95  9:28  Pylon  
  95  9:30  Pylon  
  93  9:37  Stalker x2  
  91  10:05  Nexus  
  91  10:06  Pylon  
  91  10:11  Stalker  
  91  10:12  Stalker  
  93  10:17  Void Ray x2  
  93  10:20  Void Ray (Chrono Boost)  
  105  10:33  Pylon  
  105  10:35  Assimilator  
  105  10:39  Assimilator  
  105  11:00  Phoenix x2 (Chrono Boost)  
  105  11:01  Phoenix (Chrono Boost)  
  111  11:06  Probe x2  
  111  11:10  Stalker x2  
  117  11:15  Phoenix (Chrono Boost)  
  109  11:37  Phoenix x2 (Chrono Boost)  
  99  11:40  Phoenix (Chrono Boost), Probe  
  99  11:41  Probe x2  
  104  11:56  Phoenix (Chrono Boost)  
  104  11:57  Phoenix (Chrono Boost)  
  104  11:58  Phoenix (Chrono Boost)  
  110  12:03  Stalker x2  
  99  12:16  Void Ray  
  99  12:17  Void Ray  
  99  12:30  Stalker  
  99  12:31  Stalker  
  103  12:47  Phoenix  
  99  12:58  Stalker  
  99  12:59  Stalker, Phoenix  
  89  13:22  Phoenix x2 (Chrono Boost)  
  89  13:25  Phoenix (Chrono Boost)  
  95  13:28  Adept x2  
  99  13:41  Phoenix x2 (Chrono Boost)  
  85  14:04  Nexus  
  83  14:17  Robotics Facility  
  87  14:48  Phoenix (Chrono Boost)  
  87  14:49  Phoenix x2 (Chrono Boost)  
  89  14:57  Adept  
  89  14:58  Adept  
  93  15:05  Phoenix (Chrono Boost)  
Tags
 
Add a new tag
Caveats
  • Supply blocks, unpowered buildings, or Contaminate may cause inaccurate times.
  • Supply counts are checked every 10 seconds.